[Event "*** Titled Tuesday Blitz"]
[Site "Chess.com"]
[Date "2020.05.26"]
[Round "9"]
[White "Bubachess1608"]
[Black "JozefKneht"]
[Result "0-1"]
[WhiteElo "2317"]
[BlackElo "2476"]
[TimeControl "180+1"]
[EndTime "11:51:11 PDT"]
[Termination "JozefKneht won on time"]

1. e4 e5 2. Bc4 Nf6 3. d3 Nc6 4. Nf3 Bc5 5. O-O d6 6. Bb3 a6 7.
c3 Ba7 8. h3 h6 9. Re1 g5 10. Nh2 Rg8 11. Be3 g4 12. hxg4 Nxg4 13. Qf3 Qe7 14. Bxa7 Nxa7 15. Nd2 Nxh2 16. Kxh2 Bg4 17.
Qe3 Nc6 18. Nf1 O-O-O 19. Bd1 h5 20. d4 Kb8 21. Ba4 Qh4+ 22. Kg1 Ne7 23. dxe5 dxe5 24. Bd1 Ng6 25. Bxg4 hxg4 26. Qg3 Qh5 27. Nh2 Nf4 28. Nf1 Rh8 29. f3 Rdg8 30. Kf2 gxf3 31. Qxf3 Rxg2+ 32.
Ke3 Qg5 33. Nd2 Rd8 0-1

[Event "*** Titled Tuesday Blitz"]
[Site "Chess.com"]
[Date "2020.05.26"]
[Round "9"]
[White "mrkvoz"]
[Black "theblitzchamp"]
[Result "1-0"]
[WhiteElo "2829"]
[BlackElo "2686"]
[TimeControl "180+1"]
[EndTime "11:51:12 PDT"]
[Termination "mrkvoz won by resignation"]

1. e4 e5 2. Nf3 Nc6 3. d4 exd4 4. Nxd4 Nf6 5. Nxc6 bxc6 6. Bd3 Bc5 7. e5 Nd5 8. Qg4 g6 9. Bh6 d6 10. Qg3 Qe7 11. O-O Be6 12. Nc3 Nxc3 13. bxc3 f5 14. exf6 Qxf6 15. Rae1 Kd7 16. Bg5 Qf7 17. a4 Rae8 18.
a5 d5 19. Bf4 Bd6 20. Bxd6 cxd6 21. Rb1 Rb8 22. Rfe1 Bf5 23. Bxf5+ Qxf5 24. Qe3 c5 25. Qe7+ Kc6 26. Qxa7 Qxc2 27. Rb6+ Rxb6 28. Qxb6+ Kd7 29.
Qb7+ Kd8 30. Qb8+ Kd7 31. Qxh8 Qxc3 32. Qxc3 1-0

[Event "*** Titled Tuesday Blitz"]
[Site "Chess.com"]
[Date "2020.05.26"]
[Round "9"]
[White "nubair1198"]
[Black "RobertPrieb2007"]
[Result "0-1"]
[WhiteElo "2696"]
[BlackElo "2492"]
[TimeControl "180+1"]
[EndTime "11:51:12 PDT"]
[Termination "RobertPrieb2007 won by checkmate"]

1. d4 Nf6 2. c4 g6 3. Nc3 d5 4. Nf3 Bg7 5. h4 c6 6. cxd5 cxd5 7. Bf4 O-O 8. Qb3 Nc6 9. e3 Na5 10. Qb4 Nc6 11. Qb3 Na5 12. Qb4 Nc6 13. Qa3 Bf5 14. Be2 Nh5 15. Bh2 Nf6 16. Qb3 Qd7 17. Ne5 Qc8 18. Nxd5 Nxd5 19. Qxd5 Nb4 20. Qb3 Nc2+ 21.
Kd2 Nxa1 22. Rxa1 Be6 23. Qb4 Bd5 24. Rc1 Qf5 25. f3 Rfc8 26. e4 Bxe4 27. fxe4 Qxe4 28. Rc3 Rd8 29. Rd3 Qxg2 30. Bg3 Rac8 31. Qxe7 Bh6+ 32. Ke1 Qg1+ 33. Bf1 Rc1+ 34. Rd1 Qxg3+ 35. Ke2 Qe3# 0-1

[Event "*** Titled Tuesday Blitz"]
[Site "Chess.com"]
[Date "2020.05.26"]
[Round "9"]
[White "cukin84"]
[Black "CyberneticLion"]
[Result "1-0"]
[WhiteElo "2215"]
[BlackElo "2430"]
[TimeControl "180+1"]
[EndTime "11:51:12 PDT"]
[Termination "cukin84 won by resignation"]

1. e4 e5 2. Nf3 Nc6 3. c3 d5 4. Qa4 Bd7 5. exd5 Nd4 6. Qd1 Nxf3+ 7. Qxf3 Nf6 8. Bc4 Bd6 9. d3 O-O 10. Bg5 h6 11. Bxf6 Qxf6 12. Qxf6 gxf6 13. Nd2 f5 14. O-O-O a5 15. a3 b5 16. Bb3 b4 17. axb4 axb4 18.
Kc2 Rab8 19. Nc4 f6 20. Ra1 Kf7 21. Ra7 Ke7 22. Rha1 bxc3 23. bxc3 Rbc8 24. Nxd6 Kxd6 25. R1a6+ Ke7 26. c4 Rg8 27. g3 f4 28. c5 Rg6 29.
Kd2 fxg3 30. hxg3 h5 31. d6+ Kd8 32. dxc7+ Rxc7 33. Ra8+ Bc8 34. Rd6+ Rd7 35. Be6 Rxd6 36. cxd6 1-0

[Event "*** Titled Tuesday Blitz"]
[Site "Chess.com"]
[Date "2020.05.26"]
[Round "9"]
[White "Klavdia_Nik"]
[Black "Charlottemillard17"]
[Result "1-0"]
[WhiteElo "2044"]
[BlackElo "1449"]
[TimeControl "180+1"]
[EndTime "11:51:12 PDT"]
[Termination "Klavdia_Nik won on time"]

1. Nf3 d5 2. c4 dxc4 3. Na3 e6 4.
Nxc4 Nf6 5. b3 Nc6 6. Bb2 Bd7 7. g3 Bb4 8. Bg2 Qe7 9. O-O O-O 10. a3 Bd6 11. b4 b5 12. Nxd6 cxd6 13. d4 d5 14. Rc1 Rac8 15. Rc5 a6 16. Ne5 Be8 17. Qc2 Qb7 18.
Rc1 Ne4 19. Bxe4 dxe4 20. Nxc6 Bxc6 21. Rxc6 Rxc6 22. Qxc6 Qxc6 23. Rxc6 Ra8 24. Bc3 Kf8 25. Kg2 Ke7 26. e3 Kd7 27. Rc5 f6 28. g4 g6 29.
f3 f5 30. fxe4 1-0

[Event "*** Titled Tuesday Blitz"]
[Site "Chess.com"]
[Date "2020.05.26"]
[Round "9"]
[White "VladimirBugayev"]
[Black "seastar"]
[Result "1-0"]
[WhiteElo "2183"]
[BlackElo "1968"]
[TimeControl "180+1"]
[EndTime "11:51:13 PDT"]
[Termination "VladimirBugayev won on time"]

1. e4 d5 2. exd5 Qxd5 3. Nc3 Qd6 4. d4 Nf6 5. g3 a6 6. Bg2 Bg4 7. Nge2 Nc6 8. h3 Bh5 9. Bf4 Qb4 10. O-O O-O-O 11. a3 Qxb2 12. Bxc6 Bxe2 13. Bxb7+ Qxb7 14.
Nxe2 e6 15. Qd3 Bd6 16. Be3 Nd5 17. c4 Nxe3 18. Qxe3 h6 19. Rab1 Qc6 20. Qb3 Kd7 21.
d5 exd5 22. Nd4 Qxc4 23. Qd1 Ke7 24. Rc1 Qa2 25. Nc6+ Kf8 26. Nxd8 1-0

[Event "*** Titled Tuesday Blitz"]
[Site "Chess.com"]
[Date "2020.05.26"]
[Round "9"]
[White "Perecke"]
[Black "Klaus1995"]
[Result "1-0"]
[WhiteElo "2186"]
[BlackElo "1826"]
[TimeControl "180+1"]
[EndTime "11:51:14 PDT"]
[Termination "Perecke won by checkmate"]

1. e4 c5 2. Nf3 d6 3. d4 cxd4 4. Nxd4 Nf6 5. Nc3 a6 6. h3 e6 7. g4 d5 8. Nde2 Bb4 9. Bg2 O-O 10. O-O Nxe4 11. Nxe4 dxe4 12. Qxd8 Rxd8 13. Bxe4 Nd7 14. c3 Nf6 15. Bg2 Be7 16. Bg5 Bd7 17. Rfd1 Bc6 18. Bxc6 bxc6 19. Nd4 Rac8 20. f3 Bc5 21. Be3 Nd5 22.
Bf2 g6 23. Kh2 Bxd4 24. Rxd4 c5 25. Rd2 c4 26. Rad1 Rb8 27. Kg3 Rb7 28. b3 Rc8 29.
Rc1 cxb3 30. axb3 Nxc3 31. Rxc3 Rxc3 32. Rd8+ Kg7 33. Bd4+ f6 34. Bxc3 Rxb3 35. Rd7+ Kh6 36. Bxf6 a5 37. g5+ Kh5 38. Rxh7# 1-0

[Event "*** Titled Tuesday Blitz"]
[Site "Chess.com"]
[Date "2020.05.26"]
[Round "9"]
[White "PKCLUB"]
[Black "Aleksandar-Topalov"]
[Result "1-0"]
[WhiteElo "2615"]
[BlackElo "2393"]
[TimeControl "180+1"]
[EndTime "11:51:15 PDT"]
[Termination "PKCLUB won by checkmate"]

1. d4 Nf6 2. Nf3 g6 3. Bf4 Bg7 4. e3 d6 5. Nbd2 O-O 6. h3 c5 7.
c3 Nc6 8. Bh2 Bf5 9. Be2 Ne4 10.
O-O Nxd2 11. Qxd2 cxd4 12. exd4 a6 13. d5 Nb8 14. Nd4 Bd7 15. a4 a5 16. Rfe1 Na6 17.
Bb5 Nc5 18. Rad1 Bxb5 19. axb5 a4 20. Qe3 Re8 21. Nc2 Qb6 22. Na3 Nd7 23. Qd2 Rac8 24. Bf4 Nf6 25. Be3 Qc7 26. Bd4 Nd7 27. Bxg7 Kxg7 28.
Re3 Kg8 29. Rde1 Nb6 30. Qd4 Rcd8 31. h4 f6 32. h5 Kf7 33. Qg4 Qc8 34. hxg6+ hxg6 35. Qh4 Nxd5 36. Qh7+ Kf8 37. Rh3 f5 38. Qh8+ Kf7 39.
Rh7# 1-0

[Event "*** Titled Tuesday Blitz"]
[Site "Chess.com"]
[Date "2020.05.26"]
[Round "9"]
[White "maciek_92"]
[Black "jacky72"]
[Result "1-0"]
[WhiteElo "2814"]
[BlackElo "2667"]
[TimeControl "180+1"]
[EndTime "11:51:16 PDT"]
[Termination "maciek_92 won by resignation"]

1. c4 Nf6 2. Nc3 g6 3. g3 Bg7 4.
Bg2 d6 5. d4 O-O 6. Nf3 Nc6 7.
O-O Bf5 8. b3 Ne4 9. Nd5 e6 10.
Ne3 e5 11. Nxf5 gxf5 12. d5 Ne7 13. Nh4 Nc5 14. Rb1 f4 15. gxf4 Ng6 16. Nxg6 fxg6 17. fxe5 Bxe5 18. e3 Qh4 19. f4 Bg7 20. b4 Nd7 21. e4 Rae8 22. Rb3 Qe7 23. Re1 Bh6 24. Rf3 Qg7 25. Bh3 Nf6 26. Be6+ Kh8 27. Bb2 g5 28. fxg5 Bxg5 29. Kh1 Qh6 30. Ref1 Re7 31. Qa1 Rg7 32. Rxf6 Bxf6 33. Bxf6 Rxf6 34. Qxf6 Qxf6 35. Rxf6 h5 36. Rf8+ Kh7 37. Rf7 Rxf7 38. Bxf7 Kg7 39. Bxh5 Kf6 40.
h4 Ke5 41. Bg6 b5 42. cxb5 c5 43. bxc6 1-0

[Event "*** Titled Tuesday Blitz"]
[Site "Chess.com"]
[Date "2020.05.26"]
[Round "9"]
[White "Mexpaisano"]
[Black "Boudicca64"]
[Result "1-0"]
[WhiteElo "2192"]
[BlackElo "1987"]
[TimeControl "180+1"]
[EndTime "11:51:17 PDT"]
[Termination "Mexpaisano won on time"]

1. d4 d5 2. Nf3 Nf6 3. Bg5 e6 4. Nbd2 Be7 5. e3 O-O 6. Bd3 b6 7. Ne5 Bb7 8. Qf3 Nbd7 9. Qh3 g6 10. Qh4 Re8 11. Ndf3 Ne4 12. Nxf7 Bxg5 13. N3xg5 Qf6 14. Qxh7+ Kf8 15. Bxe4 dxe4 16. Nh8 Re7 17. Nxg6+ Ke8 18. Nxe7 Qxe7 19. Qg8+ Nf8 20. O-O-O Kd7 21. h4 Kc6 22. Nf7 Nd7 23. Qg7 Rf8 24. Ne5+ Kd6 25. Nc4+ 1-0

[Event "*** Titled Tuesday Blitz"]
[Site "Chess.com"]
[Date "2020.05.26"]
[Round "9"]
[White "Piotrek1979"]
[Black "mattcolins2025"]
[Result "0-1"]
[WhiteElo "2398"]
[BlackElo "2317"]
[TimeControl "180+1"]
[EndTime "11:51:18 PDT"]
[Termination "mattcolins2025 won on time"]

1. Nf3 Nf6 2. b3 g6 3. Bb2 Bg7 4. e3 O-O 5. c4 d5 6. Be2 c6 7.
O-O Nbd7 8. cxd5 cxd5 9. Qc2 Nb8 10. Ne5 Bf5 11. d3 Nbd7 12. Qd2 Nxe5 13. Bxe5 Rc8 14. Qb2 Qd7 15. Nd2 Rc6 16. Rfc1 Rfc8 17. Nf3 Bg4 18. Rxc6 Qxc6 19. Nd4 Qd7 20. Bxf6 Bxf6 21. Bxg4 Qxg4 22. h3 Qd7 23. Rc1 Rxc1+ 24. Qxc1 e5 25. Nf3 e4 26. dxe4 dxe4 27. Nd2 Qd3 28. Nc4 Bc3 29. Qf1 b5 30.
Na3 Bb4 31. Nb1 Qc2 32. a4 bxa4 33. bxa4 Qxa4 34. Kh2 Bd6+ 35. g3 Qc2 36. Qe1 a5 37. Kg2 a4 38. Qd2 Qxd2 39. Nxd2 a3 40. Nb3 a2 41. f4 exf3+ 42. Kxf3 Be5 0-1

[Event "*** Titled Tuesday Blitz"]
[Site "Chess.com"]
[Date "2020.05.26"]
[Round "9"]
[White "elamier"]
[Black "AlexZambrano"]
[Result "1-0"]
[WhiteElo "2112"]
[BlackElo "2240"]
[TimeControl "180+1"]
[EndTime "11:51:18 PDT"]
[Termination "elamier won by resignation"]

1. d4 Nf6 2. Bg5 d5 3. Bxf6 exf6 4. e3 Bd6 5. c4 O-O 6. cxd5 Bb4+ 7. Nc3 Qxd5 8. Ne2 c5 9. a3 Bxc3+ 10. Nxc3 Qc6 11. d5 Qb6 12. Qd2 Rd8 13. Be2 Be6 14. Bf3 Bf5 15.
O-O Nd7 16. Rac1 Rac8 17. e4 Bg6 18. Bg4 a6 19. Bxd7 Rxd7 20. f4 f5 21. e5 f6 22.
d6 Bf7 23. Nd5 Bxd5 24. Qxd5+ Kh8 25. Rfd1 Rcd8 26. Qxc5 Qxb2 27. e6 Rxd6 28. Rxd6 Rxd6 29. Qc8+ 1-0

[Event "*** Titled Tuesday Blitz"]
[Site "Chess.com"]
[Date "2020.05.26"]
[Round "9"]
[White "DonBroca"]
[Black "grandcoach"]
[Result "1-0"]
[WhiteElo "2197"]
[BlackElo "2079"]
[TimeControl "180+1"]
[EndTime "11:51:18 PDT"]
[Termination "DonBroca won on time"]

1. e4 c5 2. d4 cxd4 3. c3 Nf6 4. e5 Nd5 5. Nf3 Nc6 6. Bc4 Nb6 7. Bb3 dxc3 8. Nxc3 e6 9. O-O Be7 10. Qe2 O-O 11.
Rd1 f6 12. Bf4 fxe5 13. Bxe5 Rxf3 14. gxf3 Nxe5 15. Qxe5 Bf6 16. Bxe6+ Kh8 17. Qe4 Qf8 18. Bd5 d6 19. Bxb7 Bxb7 20. Qxb7 Qe8 21. Qe4 Qh5 22. Nd5 Rf8 23. Nxb6 axb6 24. Rxd6 Bxb2 25. Rad1 Be5 26. Rd8 Qxh2+ 27. Kf1 Kg8 28. Qc4+ 1-0

[Event "*** Titled Tuesday Blitz"]
[Site "Chess.com"]
[Date "2020.05.26"]
[Round "9"]
[White "XiaoKangZhong"]
[Black "DenLaz"]
[Result "1/2-1/2"]
[WhiteElo "2438"]
[BlackElo "2628"]
[TimeControl "180+1"]
[EndTime "11:51:19 PDT"]
[Termination "Game drawn by agreement"]

1. e4 e5 2. Nf3 Nc6 3. Bc4 Bc5 4. c3 Nf6 5. d3 d6 6. b4 Bb6 7. a4 a5 8. b5 Ne7 9. O-O Ng6 10. Be3 Bxe3 11. fxe3 O-O 12. Nbd2 c6 13. d4 h6 14. d5 Qb6 15. Qe2 Nf4 16. Qf2 Ng4 17. Qe1 Nxe3 18. Qf2 Nxc4 19. Nxc4 Qxf2+ 20. Rxf2 cxd5 21. exd5 Nxd5 22. Nxd6 f6 23. c4 Nf4 24. c5 Rd8 25. Rc2 b6 26. Rd1 bxc5 27. Rxc5 Bg4 28. Rd2 Ne6 29. Rcd5 Bxf3 30.
gxf3 Nd4 31. Kf2 Rd7 32. Nf5 Rxd5 33. Ne7+ Kf7 34. Nxd5 Rd8 35. Ne3 Rc8 36. Rb2 Ke6 37. b6 Kd7 38. b7 Rb8 39. Rb6 Nc6 40. Rb5 Nd8 41. Rd5+ Kc7 42. Rc5+ Kxb7 43. Rb5+ Kc7 44.
Nd5+ Kc8 45. Ne7+ 1/2-1/2

[Event "*** Titled Tuesday Blitz"]
[Site "Chess.com"]
[Date "2020.05.26"]
[Round "9"]
[White "allvim"]
[Black "InitiatingASC"]
[Result "1/2-1/2"]
[WhiteElo "2273"]
[BlackElo "2387"]
[TimeControl "180+1"]
[EndTime "11:51:19 PDT"]
[Termination "Game drawn by agreement"]

1. e4 c5 2. Nf3 Nc6 3. d4 cxd4 4. Nxd4 Nf6 5. Nc3 e5 6. Ndb5 h6 7. Nd6+ Bxd6 8. Qxd6 Qe7 9. Qxe7+ Kxe7 10. b3 d6 11. Ba3 Rd8 12. O-O-O Be6 13. f3 Nd4 14. Ne2 Nxe2+ 15.
Bxe2 Rac8 16. Rd2 a6 17. Rhd1 Rc6 18. Bb2 d5 19. Bxe5 Rdc8 20. Bxf6+ Kxf6 21. exd5 Bxd5 22. c4 Be6 23. Kb2 Rc5 24. Bd3 a5 25. Be4 b5 26.
cxb5 Rxb5 27. Bd5 a4 28. Bxe6 fxe6 29. Re1 axb3 30. axb3 Rcb8 31. Re3 R8b6 32. Rd8 g5 33. Rh8 Kg7 34. Re8 Kf7 35. Rc8 Kg6 36. Rec3 Rb4 37. R8c6 Rxb3+ 38. Rxb3 Rxc6 39. Rb5 Kf6 40. Ra5 e5 41. g4 Ke6 42. Rb5 Kd6 43. Ra5 Ke6 44. Rb5 1/2-1/2

[Event "*** Titled Tuesday Blitz"]
[Site "Chess.com"]
[Date "2020.05.26"]
[Round "9"]
[White "Sibelephant"]
[Black "lachesisQ"]
[Result "1-0"]
[WhiteElo "3175"]
[BlackElo "3156"]
[TimeControl "180+1"]
[EndTime "11:51:23 PDT"]
[Termination "Sibelephant won by resignation"]

1. Nf3 Nf6 2. b3 g6 3. Bb2 Bg7 4. g3 b6 5. Bg2 Bb7 6. O-O O-O 7. c4 c5 8. e3 d5 9. d4 dxc4 10.
bxc4 cxd4 11. exd4 Nbd7 12. Nc3 Rc8 13. Qe2 Qc7 14.
Qxe7 Qxc4 15. Qa3 Qa6 16. Qxa6 Bxa6 17. Rfd1 Bb7 18. Nb5 Bd5 19. Ba3 Rfd8 20. Be7 Re8 21. Nd6 Rxe7 22. Nxc8 Re2 23. Nxa7 Ng4 24. Rf1 Rb2 25.
h3 Bxf3 26. hxg4 Bxg2 27. Kxg2 Bxd4 28. Rad1 Rxa2 29. Nb5 1-0

[Event "*** Titled Tuesday Blitz"]
[Site "Chess.com"]
[Date "2020.05.26"]
[Round "9"]
[White "DaggiGretarsson"]
[Black "keepitcool9499"]
[Result "0-1"]
[WhiteElo "2604"]
[BlackElo "2475"]
[TimeControl "180+1"]
[EndTime "11:51:23 PDT"]
[Termination "keepitcool9499 won on time"]

1. d4 e6 2. Nf3 Nf6 3. g3 d5 4. Bg2 Be7 5. O-O O-O 6. Nbd2 b6 7. c4 Bb7 8. b3 Nbd7 9. Bb2 c5 10. e3 Rc8 11.
Qe2 Ba6 12. Rfd1 Qc7 13. Rac1 Qb8 14. Ne5 cxd4 15. Nxd7 Nxd7 16. exd4 Nf6 17. h3 Rfd8 18. Qe3 dxc4 19. bxc4 Bb4 20. Qb3 Bxd2 21. Rxd2 Qc7 22. Rdc2 Bb7 23. d5 exd5 24. Bxf6 gxf6 25. cxd5 Qd6 26.
Qe3 Rxc2 27. Rxc2 Qe5 28. Qh6 Bxd5 29. Rd2 Rd6 30. Qe3 Qa1+ 31. Bf1 Re6 32. Qa3 Qe5 33. Re2 Qa1 34. Rd2 Qe5 35. Re2 Qd4 36. Rxe6 Bxe6 0-1

[Event "*** Titled Tuesday Blitz"]
[Site "Chess.com"]
[Date "2020.05.26"]
[Round "9"]
[White "moistketchup"]
[Black "Ural_bogatyr"]
[Result "0-1"]
[WhiteElo "2173"]
[BlackElo "2338"]
[TimeControl "180+1"]
[EndTime "11:51:23 PDT"]
[Termination "Ural_bogatyr won on time"]

1. d4 Nf6 2. c4 e5 3. dxe5 Ng4 4. e3 Nxe5 5. f4 Nec6 6. Nf3 Bc5 7. Bd3 d6 8. O-O Nd7 9. a3 a5 10. Nc3 Nf6 11. Nd5 O-O 12. Ng5 g6 13. Nxf6+ Qxf6 14. Ne4 Qe7 15. Nxc5 dxc5 16. e4 Rd8 17. Qf3 Nd4 18. Qg3 Bd7 19. f5 Bc6 20. f6 Qf8 21. Qh4 Nb3 22. Bh6 Qe8 23. Rad1 Rd7 24. Rf4 Rad8 25.
Bg7 Qe5 26. Qh6 Rxd3 0-1

[Event "*** Titled Tuesday Blitz"]
[Site "Chess.com"]
[Date "2020.05.26"]
[Round "9"]
[White "Unknown_IM"]
[Black "ChelsieMonica"]
[Result "1-0"]
[WhiteElo "2525"]
[BlackElo "2384"]
[TimeControl "180+1"]
[EndTime "11:51:25 PDT"]
[Termination "Unknown_IM won by checkmate"]

1. e4 e5 2. Nf3 Nc6 3. d4 exd4 4. Bc4 Bc5 5. O-O Nf6 6. e5 d5 7. exf6 dxc4 8. Re1+ Be6 9. Ng5 Qd5 10. Nc3 Qf5 11.
Nce4 O-O-O 12. fxg7 Rhg8 13. g4 Qd5 14. Nf6 Qd6 15.
Nge4 Qe7 16. Nxg8 Rxg8 17. Bg5 f6 18. Bxf6 Qf7 19. Nxc5 Bd5 20. g5 b6 21. Qg4+ Kb8 22. Nd7+ Kb7 23. Ne5 Qe8 24. Nxc4 Qg6 25. Ne5 Nxe5 26.
Rxe5 Bc6 27. Rae1 Qxc2 28. Re7 d3 29. Qf4 Bd5 30. Bc3 Rc8 31. Qe5 Bxa2 32. Qe4+ Kb8 33. Re8 Rxe8 34. Qxe8+ Kb7 35. g8=Q Bxg8 36. Qxg8 c6 37.
Qxh7+ Ka6 38. Qe4 c5 39. Qc4+ b5 40. Re6+ Kb7 41. Qxb5+ Kc7 42. Qc6+ Kb8 43. Be5# 1-0

[Event "*** Titled Tuesday Blitz"]
[Site "Chess.com"]
[Date "2020.05.26"]
[Round "9"]
[White "EndGameDestroyer"]
[Black "Xtrmntr78"]
[Result "0-1"]
[WhiteElo "2275"]
[BlackElo "2431"]
[TimeControl "180+1"]
[EndTime "11:51:25 PDT"]
[Termination "Xtrmntr78 won by resignation"]

1. e4 e5 2. Nf3 d5 3. Nc3 dxe4 4. Nxe4 f5 5. Ng3 e4 6. Ng1 Nf6 7. d3 Bc5 8. Bg5 O-O 9. dxe4 Bxf2+ 10. Kxf2 Ng4+ 11.
Ke1 Qxg5 12. Bc4+ Kh8 13. Nf3 Qf4 14. Qd2 fxe4 15. Qxf4 Rxf4 16. Ng5 h6 17. Nf7+ Kh7 18. Rf1 Rxf1+ 19. Kxf1 Nc6 20. Re1 Nxh2+ 21. Kg1 Ng4 22.
Rxe4 Nf6 23. Rh4 Bd7 24. Ng5+ Kg6 25. Nf3 Re8 26. Rf4 Ne5 27. Nh4+ Kg5 28. Rd4 c5 29. Nf3+ Nxf3+ 0-1

[Event "*** Titled Tuesday Blitz"]
[Site "Chess.com"]
[Date "2020.05.26"]
[Round "9"]
[White "Gabix_94"]
[Black "FairChess_on_YouTube"]
[Result "1-0"]
[WhiteElo "2942"]
[BlackElo "3022"]
[TimeControl "180+1"]
[EndTime "11:51:27 PDT"]
[Termination "Gabix_94 won by resignation"]

1. Nf3 Nf6 2. d4 e6 3. e3 b6 4.
Bd3 Bb7 5. b3 c5 6. Bb2 cxd4 7.
exd4 Bb4+ 8. Nbd2 O-O 9. O-O Nc6 10. a3 Be7 11. Re1 d5 12. Qe2 a5 13. Rad1 Qc8 14. Ne5 Nxe5 15. dxe5 Nd7 16. Nf3 Ba6 17. Nd4 Nc5 18.
Bxa6 Qxa6 19. Qg4 Rac8 20. a4 Ne4 21. c4 Bb4 22. Re3 Rce8 23. cxd5 f5 24. exf6 Nxf6 25.
Qh3 Nxd5 26. Rg3 Nf4 27. Qg4 g6 28. h4 e5 29. Nb5 Ne2+ 30. Qxe2 1-0

[Event "*** Titled Tuesday Blitz"]
[Site "Chess.com"]
[Date "2020.05.26"]
[Round "9"]
[White "Zarikovs1999"]
[Black "Kavyev_Ruslan"]
[Result "0-1"]
[WhiteElo "2349"]
[BlackElo "2494"]
[TimeControl "180+1"]
[EndTime "11:51:27 PDT"]
[Termination "Kavyev_Ruslan won on time"]

1. Nf3 Nf6 2. c4 g6 3. g3 c6 4. Bg2 d5 5. O-O Bg7 6. b3 O-O 7. Bb2 Bg4 8. Ne5 Nfd7 9. f4 Nxe5 10. fxe5 dxc4 11. Rf4 Be6 12. bxc4 Nd7 13. d3 Nxe5 14. Nd2 Qb6+ 15. Bd4 Nf3+ 16. Nxf3 Bxd4+ 17. Rxd4 Bg4 18. e3 h5 19. Qb3 Qc7 20. Rf1 e5 21. Rxg4 hxg4 22.
Ng5 Rad8 23. h4 gxh3 24. Bxh3 Qe7 25. Ne4 Kg7 26. Nf6 Qd6 27. Ng4 f5 28. Nf2 e4 29.
Qc3+ Rf6 30. Kg2 exd3 31. Rd1 d2 32. e4 Qd4 33. Qxd4 Rxd4 34. exf5 gxf5 35. Kf3 Kg6 36. Ke3 Rfd6 37. Bg2 Rxc4 38. Rxd2 Rc3+ 0-1

[Event "*** Titled Tuesday Blitz"]
[Site "Chess.com"]
[Date "2020.05.26"]
[Round "9"]
[White "Parkas"]
[Black "blitzking1729"]
[Result "0-1"]
[WhiteElo "2283"]
[BlackElo "2488"]
[TimeControl "180+1"]
[EndTime "11:51:27 PDT"]
[Termination "blitzking1729 won by resignation"]

1. e4 g6 2. d4 Bg7 3. Nc3 d6 4. Bc4 e6 5. Bb3 a6 6. h4 h6 7. h5 g5 8. Nge2 b5 9. a3 Bb7 10. f4 gxf4 11. Bxf4 Nf6 12. Qd3 Nbd7 13. d5 Nc5 14.
Qg3 Rg8 15. O-O-O e5 16. Be3 Ncxe4 17. Nxe4 Nxe4 18. Qg4 Nf6 19. Qf3 Qe7 20. Ng3 Bc8 21.
Nf5 Bxf5 22. Qxf5 Qd7 23. Qd3 Ng4 24. Kb1 Bf6 25. c4 Bg5 26. Bxg5 Rxg5 27. Ka2 Nf2 28.
Qh7 Qe7 29. Qh8+ Qf8 30. Qf6 Nxh1 31. Rxh1 Qg7 32. Qf2 Rxg2 33. Qf5 Qg5 34. Qh7 bxc4 35. Ba4+ Ke7 36. Rf1 Rf8 37. Qe4 Qd2 38. Rb1 Rb8 39. Qh4+ Kf8 40. Ka1 Rxb2 41. Qd8+ Kg7 0-1

[Event "*** Titled Tuesday Blitz"]
[Site "Chess.com"]
[Date "2020.05.26"]
[Round "9"]
[White "iwanyu"]
[Black "GOGIEFF"]
[Result "0-1"]
[WhiteElo "2788"]
[BlackElo "2905"]
[TimeControl "180+1"]
[EndTime "11:51:28 PDT"]
[Termination "GOGIEFF won on time"]

1. d4 Nf6 2. c4 e6 3. Nf3 d5 4. cxd5 exd5 5. Nc3 c6 6. Bg5 Bf5 7. Qb3 Qb6 8. Bxf6 gxf6 9. e3 Nd7 10. Be2 Bd6 11. O-O Qxb3 12. axb3 a6 13. Nh4 Be6 14.
Bd3 Nb6 15. Ne2 Nc8 16. Nf5 Bc7 17. Neg3 Kf8 18. Nh5 Ne7 19. Nfg3 f5 20. Ne2 Rg8 21. Nhf4 Ng6 22. Rfe1 Ke7 23. Kf1 Rae8 24. Nh5 Nh4 25. Nhf4 Ng6 26. Nh5 Nh4 27. Nhf4 Bc8 28. Ng3 Bd6 29.
Rac1 Kd8 30. Nfh5 Rg6 31. Nf4 Rh6 32. Kg1 Bd7 33. Bf1 Rg8 34. Bd3 Rg4 35. Be2 Rxf4 36.
exf4 Bxf4 37. Rc2 Bd6 38. Bd3 f4 39. Nf1 Bb4 40. Re5 f6 41. Ree2 f3 42. Re3 fxg2 43.
Ng3 Bd6 44. f3 f5 45. Re1 Nxf3+ 46. Kxg2 Nxe1+ 0-1

[Event "*** Titled Tuesday Blitz"]
[Site "Chess.com"]
[Date "2020.05.26"]
[Round "9"]
[White "Infernal_XaM"]
[Black "Indianlad"]
[Result "0-1"]
[WhiteElo "2834"]
[BlackElo "2985"]
[TimeControl "180+1"]
[EndTime "11:51:31 PDT"]
[Termination "Indianlad won by checkmate"]

1. c4 e5 2. Nc3 Nf6 3. e3 Nc6 4. g4 h6 5. Bg2 d6 6. h3 g6 7.
Nge2 Bg7 8. d4 O-O 9. d5 Ne7 10.
e4 c6 11. Be3 h5 12. f3 b5 13. g5 Nh7 14. dxc6 bxc4 15. Qa4 Be6 16. O-O-O Rc8 17. f4 exf4 18. Bxf4 Nxc6 19. Rxd6 Qb6 20.
e5 Rb8 21. Qxc6 Qxb2+ 22. Kd1 Bf5 23. Ke1 Bd3 24. Kf2 Rfe8 25. Bc1 Qc2 26. Bf4 Bxe5 27. Rc1 Qb2 28. Bxe5 Rxe5 29. Qc7 Rbe8 30. Kg1 Rxe2 31. Nxe2 Rxe2 32. Rd8+ Kg7 33. Rf1 Rxg2+ 34. Kh1 Bxf1 35. Rb8 Rg1+ 36. Kxg1 Qg2# 0-1

[Event "*** Titled Tuesday Blitz"]
[Site "Chess.com"]
[Date "2020.05.26"]
[Round "9"]
[White "VMikhalevski"]
[Black "stanyga"]
[Result "0-1"]
[WhiteElo "2752"]
[BlackElo "2639"]
[TimeControl "180+1"]
[EndTime "11:51:33 PDT"]
[Termination "stanyga won by resignation"]

1. d4 d5 2. c4 c6 3. cxd5 cxd5 4.
Bg5 h6 5. Bh4 Nc6 6. Nc3 g5 7.
Bg3 Bg7 8. e3 Nf6 9. Nf3 Ne4 10.
Rc1 Nxg3 11. hxg3 Bf5 12. Qb3 O-O 13. Qxd5 Qxd5 14. Nxd5 Rad8 15. Nc3 Nb4 16. a3 Nc6 17. Bc4 e5 18. d5 Na5 19. Ba2 Bd3 20. Nd2 b5 21. Bb1 Bxb1 22. Rxb1 e4 23. Ndxe4 f5 24. Nc5 Bxc3+ 25. bxc3 Rxd5 26. Ne6 Rc8 27. Rxh6 Rxc3 28. Nxg5 Nc4 29. a4 b4 30. Rxb4 Rc1+ 31. Ke2 Rc2+ 32. Kf3 Ne5+ 33. Kf4 Nd3+ 0-1

[Event "*** Titled Tuesday Blitz"]
[Site "Chess.com"]
[Date "2020.05.26"]
[Round "9"]
[White "Onischuk_V"]
[Black "VerdeNotte"]
[Result "1-0"]
[WhiteElo "2909"]
[BlackElo "2774"]
[TimeControl "180+1"]
[EndTime "11:51:37 PDT"]
[Termination "Onischuk_V won by checkmate"]

1. e4 e5 2. Nf3 Nc6 3. Bc4 Nf6 4. d3 Bc5 5. O-O d6 6. Nbd2 a6 7. c3 Ba7 8. Bb3 O-O 9. h3 Ne7 10. Re1 Ng6 11. Nf1 h6 12. Ng3 Re8 13. d4 Be6 14. Bc2 Qc8 15. Be3 c6 16. Qd2 Qc7 17. Rad1 Rad8 18. Qc1 b5 19. Nf5 Bxf5 20. exf5 Nf8 21.
dxe5 Bxe3 22. Qxe3 dxe5 23. Rxd8 Qxd8 24. Nxe5 Nd5 25. Qc1 Qc7 26. Nf3 Rxe1+ 27. Qxe1 Nf6 28. Bb3 N8d7 29. Qe7 Nd5 30. Qe8+ Nf8 31. Ne5 Qd6 32. Qxf7+ Kh7 33. Nxc6 Nf4 34. Qg8# 1-0

[Event "*** Titled Tuesday Blitz"]
[Site "Chess.com"]
[Date "2020.05.26"]
[Round "9"]
[White "Irochka83"]
[Black "lili_ani"]
[Result "0-1"]
[WhiteElo "2389"]
[BlackElo "2548"]
[TimeControl "180+1"]
[EndTime "11:51:39 PDT"]
[Termination "lili_ani won by resignation"]

1. d4 f5 2. c4 Nf6 3. g3 e6 4. Bg2 Bb4+ 5. Bd2 Qe7 6. Nf3 Bxd2+ 7. Qxd2 O-O 8. O-O d6 9. Nc3 Nc6 10. d5 Ne5 11. b3 Nxf3+ 12. exf3 e5 13. f4 e4 14.
Rfe1 Qf7 15. f3 exf3 16. Bxf3 Bd7 17. Ne2 Ne4 18. Qc2 Rae8 19. Nd4 Qf6 20. Qd3 Nc5 21. Qd2 a5 22. Kg2 b6 23. Nc6 Bxc6 24. dxc6 g6 25.
Rxe8 Rxe8 26. Re1 Rxe1 27. Qxe1 Kf8 28. Qe2 Qd4 29. Kh3 h5 30. Bd5 Ne4 31. Bxe4 fxe4 32. g4 Qd3+ 33. Qxd3 exd3 0-1